 Dungeon Crawl Stone Soup version 0.23-a0-451-g1044d4c (webtiles) character file.

558636 NalNutta the Executioner (level 25, 0/403 HPs)
             Began as a Demonspawn Berserker on Nov 22, 2018.
             Was the Champion of Trog.
             Splashed by an acid blob's acid (2 damage)
             ... created by the Royal Jelly
             ... on level 5 of the Pits of Slime.
             The game lasted 04:32:16 (66940 turns).

NalNutta the Executioner (Demonspawn Berserker)    Turns: 66940, Time: 04:32:16

Health: 0/403      AC: 12    Str: 36    XL:     25   Next: 27%
Magic:  23/23      EV: 19    Int:  8    God:    Trog [******]
Gold:   3783       SH: 31    Dex: 13    Spells: 24/24 levels left

rFire    + + +     SeeInvis .   x - +6 war axe of Woe {flame, rC- MR+ Str+5}
rCold    . . .     Gourm    .   J - +2 large shield
rNeg     . . .     Faith    .   M - +0 crystal plate armour of the Desolation of Salt {rPois rF++ Str+4 Stlth+}
rPois    +         Spirit   .   I - +2 helmet "Jevuqel" {+Inv rElec MR- Regen+}
rElec    +         Reflect  +   H - scarf {repulsion}
rCorr    +         Harm     .   z - +1 pair of gloves {archery}
MR       +++..     Rnd*Rage +   (boots unavailable)
Stlth    ..........             q - +5 amulet of reflection
HPRegen  4.17/turn              P - ring of Peekumy {rCorr rF+}
MPRegen  0.18/turn              p - ring of Xirisio {rPois rF++ rC+ Str-4 Int-2}

@: berserking, corroded, regenerating, repel missiles, very quick
A: talons 3, repulsion field 3, berserk 1, clumsy 1, deformed body,
deterioration 1, foul stench 2, powered by death 2, robust 3, rot immunity,
MP-powered wands
}: 3/15 runes: decaying, silver, gossamer
a: Berserk, Trog's Hand, Brothers in Arms, Renounce Religion, Evoke Invisibility


You were on level 5 of the Pits of Slime.
You worshipped Trog.
Trog was exalted by your worship.
You were very hungry.

You visited 10 branches of the dungeon, and saw 50 of its levels.

You collected 6210 gold pieces.
You spent 2427 gold pieces at shops.

Inventory:

Hand Weapons
 s - the +9 long sword of World Downfall {slice, rF+ SInv}
   (You bought it in a shop on level 1 of the Vaults)

   It inflicts extra damage upon your enemies.
   It protects you from fire.
   It lets you see invisible.
 x - the +6 war axe of Woe (weapon) {flame, rC- MR+ Str+5}
   (Trog gifted it to you on level 4 of the Spider Nest)

   It has been specially enchanted to burn those struck by it, causing extra
   injury to most foes and up to half again as much damage against particularly
   susceptible opponents.
   Big, fiery blades are also staple armaments of hydra-hunters.
   It affects your strength (+5).
   It makes you vulnerable to cold.
   It affects your resistance to hostile enchantments.
 F - the +8 hunting sling of War {venom, Str+4 Int+4}
   (You found it on level 1 of the Depths)

   It poisons the ammo it fires.
   It affects your strength (+4).
   It affects your intelligence (+4).
Armour
 d - the +10 plate armour of Sorcery {rF+ MR+ MP+9 Str+4 Int+4}
   (You bought it in a shop on level 2 of the Orcish Mines)

   It affects your strength (+4).
   It affects your intelligence (+4).
   It protects you from fire.
   It affects your resistance to hostile enchantments.
   It affects your magic capacity (+9).
 z - a +1 pair of gloves of archery (worn)
   (You found it on level 2 of the Depths)
 H - a scarf of repulsion (worn)
   (You found it on level 3 of the Lair of Beasts)
 I - the +2 helmet "Jevuqel" (worn) {+Inv rElec MR- Regen+}
   (You found it on level 3 of the Depths)

   It insulates you from electricity.
   It affects your resistance to hostile enchantments.
   It lets you turn invisible.
   It increases your rate of regeneration.
 J - a +2 large shield (worn)
   (You found it on level 1 of the Depths)
 M - the +0 crystal plate armour of the Desolation of Salt (worn) {rPois rF++ Str+4 Stlth+}
   (You took it off a vault warden on level 5 of the Vaults)

   It affects your strength (+4).
   It greatly protects you from fire.
   It protects you from poison.
   It makes you more stealthy.
 W - a scarf of resistance
   (You found it on level 5 of the Vaults)
Jewellery
 a - a +4 ring of evasion
   (You found it on level 6 of the Lair of Beasts)
 b - an uncursed ring of ice {rC+, rF-}
   (You found it on level 1 of the Vaults)
 p - the ring of Xirisio (right hand) {rPois rF++ rC+ Str-4 Int-2}
   (You found it on level 6 of the Lair of Beasts)

   [ring of protection from cold]

   It affects your strength (-4).
   It affects your intelligence (-2).
   It greatly protects you from fire.
   It protects you from cold.
   It protects you from poison.
 q - a +5 amulet of reflection (around neck)
   (You found it on level 12 of the Dungeon)
 B - a +4 ring of evasion
   (You bought it in a shop on level 5 of the Dungeon)
 D - an uncursed ring of see invisible {sInv, !d}
   (You found it on level 5 of the Lair of Beasts)
 P - the ring of Peekumy (left hand) {rCorr rF+}
   (You found it on level 14 of the Dungeon)

   [ring of resist corrosion]

   It protects you from fire.
 S - the ring of Yleif {rPois EV+1 Int+4}
   (You found it on level 2 of the Depths)

   [ring of evasion]

   It affects your evasion (+1).
   It affects your intelligence (+4).
   It protects you from poison.
 V - an uncursed ring of protection from magic {MR+, !d}
   (You found it on level 3 of the Elven Halls)
 X - a +3 ring of protection
   (You found it on level 5 of the Vaults)
Wands
 e - a wand of digging (13)
   (You found it on level 4 of the Spider Nest)
Scrolls
 h - 3 scrolls of brand weapon
 i - a scroll of silence
 j - 20 scrolls of remove curse
 k - 2 scrolls of fog
 l - a scroll of summoning
 m - 13 scrolls of teleportation
 v - 11 scrolls of enchant weapon
 K - 3 scrolls of enchant armour
 N - 7 scrolls of blinking {!r}
 O - 5 scrolls of magic mapping {!r}
 U - 2 scrolls of holy word {!r!r}
 Z - 8 scrolls of identify
Potions
 f - 12 potions of agility
 g - 5 potions of might
 n - 5 potions of haste
 o - 5 potions of heal wounds
 r - 9 potions of lignification {!q}
 t - 2 potions of invisibility
 u - a potion of resistance
 w - 4 potions of cancellation
 A - 4 potions of flight
 C - a potion of magic
 E - 5 potions of mutation {!q}
 Q - 10 potions of curing
Comestibles
 c - 35 rations


   Skills:
 + Level 19.1 Fighting
 * Level 23.0 Axes
 + Level 17.6 Armour
 + Level 17.6 Dodging
 + Level 16.6 Shields


You had 24 spell levels left.
You didn't know any spells.
Your spell library was empty.

Dungeon Overview and Level Annotations

Branches:
Dungeon (15/15)            Temple (1/1) D:7            Lair (6/6) D:9
  Swamp (4/4) Lair:4       Spider (4/4) Lair:3        Slime (5/5) Lair:5
    Orc (2/2) D:9             Elf (3/3) Orc:2        Vaults (5/5) D:13
  Crypt (0/3) Vaults:2     Depths (5/5) D:15            Zot (0/5) Depths:5

Altars:
Ashenzari
Elyvilon
Fedhas
Gozag
Hepliaklqana
Kikubaaqudgha
Makhleb
Nemelex Xobeh
Ru
Sif Muna
Trog
Uskayaw
Xom
Yredelemnul
Zin
The Shining One
Jiyva

Shops:
D:5 =   D:14 (   Orc:2 (![%   Vaults:1 (   Depths:1 **(%

Portals:
Hell: Depths:1 Depths:2 Depths:3 Depths:4 Depths:5
Abyss: Depths:4 Depths:5
Pandemonium: Depths:2 Depths:3 Depths:5
Ziggurat: Depths:2

Annotations:
Depths:3 1 runed door


Innate Abilities, Weirdness & Mutations

You have claws for feet.
You are surrounded by a strong repulsion field. (EV +4, RMsl)
You frequently emit foul miasma when damaged in melee.
You regenerate health from kills.
You are extremely robust. (+30% HP)
You are immune to rotting.
You tend to lose your temper in combat.
You are clumsy. (Dex -2)
Armour fits poorly on your strangely shaped body.
Your body sometimes deteriorates upon taking damage.
You expend magic power (3 MP) to strengthen your wands.


Message History

You block the Royal Jelly's attack.
The Royal Jelly shudders.
The Royal Jelly spits out another jelly.
You block the Royal Jelly's attack. You block the acid blob's attack.
You take 53 damage, and have 66/403 hp.
You slice the Royal Jelly!! You burn the Royal Jelly.
You kill the Royal Jelly!
Trog accepts your kill.
You feel a strange vibration for a moment.
With an infernal noise, the power ruling this place vanishes!
You feel your strength returning.
You slice the azure jelly!! You burn the azure jelly.
You kill the azure jelly!
That felt strangely unrewarding.
One of the Royal Jelly's fragments survives.
You slice the acid blob!! You burn the acid blob.
Your hands burn!
* * * LOW HITPOINT WARNING * * *
You slash the acid blob! You burn the acid blob.
Your hands burn!
* * * LOW HITPOINT WARNING * * *
You closely miss the azure jelly. You hit the acid blob.
You burn the acid blob.
Your hands burn!
* * * LOW HITPOINT WARNING * * *
You hit the acid blob. You burn the acid blob.
Your hands burn!
* * * LOW HITPOINT WARNING * * *
You block the azure jelly's attack. x2
The azure jelly hits you but does no damage.
You block the azure jelly's attack.
The acid blob is engulfed in dark miasma.
The acid blob is poisoned.
You block the acid blob's attack.
You take 5 damage, and have 61/403 hp.
The slime creature barely misses you. The azure jelly misses you.
You block the azure jelly's attack.
The azure jelly hits you but does no damage.
You block the azure jelly's attack.
The acid blob is engulfed in dark miasma.
The acid blob spits acid at you. The splash of acid hits you! You resist.
* * * LOW HITPOINT WARNING * * *
You are splashed with acid!
The acid burns!
You resist.
* * * LOW HITPOINT WARNING * * *
The acid blob spits acid at you.
The splash of acid reflects off an invisible shield around you!
The splash of acid hits the acid blob.
The acid blob completely resists.
Unknown command.
You take 6 damage, and have 55/403 hp.
You barely miss the acid blob.
You hit the azure jelly but do no damage.
You barely miss the slime creature. You barely miss the death ooze.
Your shield and crystal plate armour of the Desolation of Salt prevent you from You slash the acid blob!
You burn the acid blob.
Your hands burn!
* * * LOW HITPOINT WARNING * * *
You slice the acid blob!! You burn the acid blob.
Your hands burn!
* * * LOW HITPOINT WARNING * * *
You hit the azure jelly but do no damage.
You block the death ooze's attack. x2
The acid blob is engulfed in dark miasma.
The acid blob looks even sicker.
The acid blob hits you!!
* * * LOW HITPOINT WARNING * * *
You are splashed with acid!
The acid burns!
You resist.
* * * LOW HITPOINT WARNING * * *
You block the acid blob's attack. The acid blob hits you.
* * * LOW HITPOINT WARNING * * *
You are splashed with acid!
The acid burns!
You resist.
* * * LOW HITPOINT WARNING * * *
The acid blob looks sick.
You emit a cloud of foul miasma!
The azure jelly misses you.
The azure jelly hits you but does no damage.
The azure jelly looks sick.
The azure jelly closely misses you. The azure jelly hits you.
* * * LOW HITPOINT WARNING * * *
Two slime creatures merge to form a large slime creature.
The acid blob completely misses you. You block the azure jelly's attack.
The azure jelly hits you but does no damage.
You block the azure jelly's attack. The azure jelly completely misses you.
You take 47 damage, and have 8/403 hp.
You slice the acid blob!! You burn the acid blob!
Your hands burn!
* * * LOW HITPOINT WARNING * * *
You claw the acid blob, but do no damage.
You slash the azure jelly! You burn the azure jelly.
You barely miss the azure jelly. You completely miss the death ooze.
You slash the acid blob! You burn the acid blob!
Your hands burn!
* * * LOW HITPOINT WARNING * * *
You chop the acid blob into pieces!!! You burn the acid blob!
You kill the acid blob!
That felt strangely unrewarding.
You hit the acid blob. You burn the acid blob.
Your hands burn!
* * * LOW HITPOINT WARNING * * *
You slash the azure jelly! You burn the azure jelly. The death ooze hits you.
* * * LOW HITPOINT WARNING * * *
You block the death ooze's attack.
You take 5 damage, and have 3/403 hp.
You are too berserk!
You barely miss the death ooze. You claw the death ooze!
You hit the azure jelly. You burn the azure jelly.
You hit the azure jelly but do no damage.
You slash the acid blob! You burn the acid blob.
Your hands burn!
* * * LOW HITPOINT WARNING * * *
You barely miss the azure jelly. You slice the acid blob!!
You burn the acid blob!
Your hands burn!
You die...

.................
##...............
#...............
##..............
##...J.........
###JJG........
#JJJJ.......
#§JJJJ......
##§@JJ......
#GJJJJ......
#..JJJJJ......
####..........
...........
##..........
..........
..........


You could see 6 acid blobs, 7 azure jellies, a great orb of eyes, a large slime
creature, 3 slime creatures, a glowing orange brain and 5 death oozes.

Vanquished Creatures
  the Royal Jelly (Slime:5)
  2 ancient liches (Vaults:4)
  Boris (Depths:3)
  Frederick (Depths:5)
  A caustic shrike (Depths:3)
  5 golden dragons
  Arachne (Spider:4)
  Jory (Depths:5)
  Jorgrun (Swamp:1)
  Asterion (Elf:2)
  3 tentacled monstrosities
  A deep elf blademaster (Elf:3)
  4 liches
  13 acid blobs
  8 titans
  2 deep elf master archers (Elf:3)
  2 quicksilver dragons
  An ancient champion (Depths:2)
  A sphinx (Vaults:5)
  Kirke (Spider:1)
  Agnes (Spider:3)
  7 shadow dragons
  6 thorn hunters
  4 storm dragons
  4 tengu reavers
  A draconian monk (Depths:5)
  6 fire giants
  8 azure jellies
  Donald (Elf:1)
  Roxanne (Elf:3)
  2 cacodemons (Depths:2)
  3 iron dragons
  9 frost giants
  4 ghost moths
  A balrug (Depths:2)
  14 vault wardens
  5 deep elf sorcerers (Elf:3)
  8 emperor scorpions (Spider:4)
  An orc warlord (Vaults:5)
  Louise (Spider:1)
  A ghoul (Vaults:3)
  4 deep elf elementalists (Elf:3)
  12 large abominations
  A draconian shifter (Depths:5)
  20 very ugly things
  2 spriggan defenders (Depths:5)
  3 war gargoyles
  3 entropy weavers
  12 ironheart preservers
  5 deep elf demonologists
  2 green draconians (Depths:5)
  19 stone giants
  A small abomination (Vaults:4)
  7 deep elf annihilators
  2 purple draconians (Depths:5)
  2 white draconians (Depths:5)
  2 pale draconians (Depths:5)
  9 spark wasps
  5 ettins
  A blizzard demon (Depths:3)
  A merfolk javelineer (Depths:3)
  A death ooze (Slime:3)
  8 deep elf death magi
  2 jiangshi (Depths:5)
  8 fire dragons
  A crystal guardian (Vaults:3)
  17 yaktaur captains
  16 ogre magi
  27 hydras
  A merfolk impaler (Depths:3)
  Josephine (D:14)
  4 deep elf high priests
  7 great orbs of eyes
  27 vault guards
  A hell beast (Depths:2)
  3 ghost crabs
  11 ice dragons
  3 rakshasas
  3 spriggan air magi
  3 shambling mangroves
  A vampire mage (Depths:5)
  8 centaur warriors
  3 catoblepae (Lair:6)
  46 two-headed ogres
  19 dancing weapons
  5 tengu warriors
  12 death yaks
  17 alligators
  10 deep troll shamans
  7 death knights
  Urug (Orc:2)
  11 spriggan berserkers
  22 deep elf knights
  11 deep troll earth magi
  Sonja (Lair:2)
  18 hell knights
  A shadow wraith (Vaults:4)
  6 iron trolls
  5 skeletal warriors
  A fire crab (shapeshifter) (Vaults:2)
  A spriggan druid (Swamp:2)
  3 unseen horrors
  16 swamp dragons
  34 deep trolls
  3 glowing orange brains
  A death drake (shapeshifter) (Vaults:2)
  3 wizards (Vaults:3)
  15 deep elf archers
  An orb spider (shapeshifter) (Vaults:2)
  A flayed ghost (Vaults:4)
  16 ironbrand convokers
  8 harpies (Vaults:4)
  66 deep elf magi
  A harpy (shapeshifter) (Elf:3)
  4 phantasmal warriors
  A tengu zombie (Vaults:2)
  14 orc knights
  4 necromancers
  A wolf spider zombie (D:12)
  24 wolf spiders
  10 orb spiders
  33 ugly things
  2 orc sorcerers
  A shining eye (shapeshifter) (Depths:4)
  A salamander (shapeshifter) (Vaults:5)
  A wolf spider (shapeshifter) (Vaults:3)
  4 manticores
  4 cyclopes
  A moth of wrath (Spider:4)
  A moth of wrath (shapeshifter) (Elf:1)
  Maurice (D:12)
  3 rust devils
  3 black mambas
  A torpor snail (Spider:2)
  A water nymph (shapeshifter) (Depths:5)
  19 vault sentinels
  A titan simulacrum (Depths:2)
  An eye of devastation (Slime:3)
  2 guardian serpents (shapeshifter)
  9 spiny frogs
  A gargoyle (D:11)
  4 smoke demons (Depths:2)
  A storm dragon simulacrum (Vaults:3)
  5 kobold demonologists
  8 freezing wraiths
  2 ice devils (Depths:3)
  6 demonic crawlers
  7 komodo dragons
  2 efreet
  3 tengu conjurers
  36 yaktaurs
  An entropy weaver simulacrum (Vaults:3)
  A human skeleton (Vaults:2)
  2 hellwings
  A red devil (Depths:2)
  4 trolls
  25 jumping spiders
  31 hornets
  6 meliai
  Grinder (D:3)
  8 tyrant leeches
  10 blink frogs
  A wolf spider simulacrum (D:15)
  11 bog bodies
  94 slime creatures
  5 hippogriffs
  4 air elementals
  12 spriggans
  3 vampires
  17 tarantellas
  A ynoxinul (Depths:2)
  78 redbacks
  15 water elementals
  A shadow (Swamp:3)
  12 wraiths
  Sigmund (D:6)
  65 yaks
  3 wyverns
  5 hogs (Spider:1)
  Eustachio (D:6)
  4 humans (Depths:2)
  An ettin skeleton (Vaults:2)
  6 basilisks
  2 fire elementals
  4 golden eyes
  22 vampire mosquitoes
  5 steam dragons
  2 hungry ghosts
  13 insubstantial wisps
  10 water moccasins
  12 swamp worms
  A swamp worm (shapeshifter) (Depths:3)
  2 acid dragons
  A naga (shapeshifter) (Elf:2)
  3 wargs
  2 floating eyes
  7 porcupines
  A deep troll skeleton (Vaults:2)
  2 ice beasts
  2 sky beasts
  15 swamp drakes
  5 eyes of draining
  47 orc warriors
  2 phantoms
  A black bear (D:10)
  An eye of draining (shapeshifter) (Depths:4)
  34 ogres
  2 necrophages
  18 wolves
  20 boggarts
  25 centaurs
  6 crocodiles
  3 big kobolds
  18 bullfrogs
  3 earth elementals
  3 gnoll sergeants
  A wyvern zombie (D:10)
  7 scorpions
  9 killer bees
  6 wights
  2 electric eels
  3 howler monkeys
  9 crimson imps
  2 centaur zombies
  2 human simulacra (Vaults:2)
  4 bullfrog zombies
  9 jellies
  A quasit (Depths:5)
  5 hounds
  15 orc priests
  22 orc wizards
  2 bullfrog skeletons
  3 centaur skeletons
  3 iguanas
  Ijyb (D:3)
  14 worker ants
  4 hell rats (Lair:6)
  4 polar bear simulacra (Lair:2)
  3 yak simulacra (Lair:2)
  A wolf simulacrum (Lair:2)
  A hound zombie (D:6)
  3 worker ant zombies
  19 adders
  14 gnolls
  8 river rats (D:5)
  4 shadow imps
  A white imp (Depths:3)
  12 oozes
  2 adder skeletons
  A worm (D:5)
  3 dart slugs
  8 leopard geckos
  83 orcs
  3 ball pythons
  7 bats
  4 giant cockroaches
  9 goblins
  15 hobgoblins
  7 jackals
  24 kobolds
  4 quokkas
  10 frilled lizards
  A jackal zombie (D:5)
  2 leopard gecko zombies
  A quokka skeleton (D:8)
  26 rats
  3 river rat simulacra (Lair:2)
  A butterfly (Lair:2)
  7 crawling corpses
  6 fungi
  3 plants
2140 creatures vanquished.

Vanquished Creatures (collateral kills)
  A tengu reaver (Vaults:5)
  A vault warden (Vaults:5)
  An ironheart preserver (Vaults:5)
  A deep elf demonologist (Elf:3)
  2 deep elf annihilators (Elf:3)
  An ettin (Vaults:5)
  2 deep elf high priests (Elf:3)
  5 vault guards (Vaults:5)
  A deep elf mage (Elf:3)
  A hippogriff (shapeshifter) (Vaults:5)
  An orc (Vaults:5)
17 creatures vanquished.

Vanquished Creatures (others)
  A lich (Depths:3)
  A sphinx (Vaults:5)
  A stone giant (Depths:4)
  Nessos (Lair:4)
  6 yaktaur captains
  2 centaur warriors
  A dancing weapon (Elf:2)
  3 deep elf knights
  5 deep elf archers
  A deep elf mage (Vaults:4)
  A wolf spider (Spider:4)
  3 cyclopes
  13 yaktaurs
  A tyrant leech (Swamp:4)
  A spriggan (Swamp:4)
  A human (Depths:2)
  8 orc warriors
  4 boggarts
  An ogre (Depths:3)
  8 centaurs
  An orc wizard (D:5)
  5 orcs
  2 briar patches (Swamp:4)
  7 fungi
  3 plants (Lair:6)
81 creatures vanquished.

Grand Total: 2238 creatures vanquished

Notes
Turn   | Place    | Note
-------+----------+-------------------------------------------
     0 | D:1      | NalNutta the Demonspawn Berserker began the quest for the
                  | Orb.
     0 | D:1      | Reached XP level 1. HP: 18/18 MP: 1/1
    68 | D:1      | Reached skill level 2 in Armour
    68 | D:1      | Reached skill level 2 in Dodging
    68 | D:1      | Gained mutation: You regenerate a little health from kills.
                  | [demonic ancestry]
    68 | D:1      | Reached XP level 2. HP: 24/24 MP: 2/2
   350 | D:1      | Reached skill level 3 in Axes
   526 | D:1      | Gained mutation: You have sharp toenails. [demonic
                  | ancestry]
   526 | D:1      | Reached XP level 3. HP: 20/29 MP: 3/3
   653 | D:1      | Reached ** piety under Trog
  1160 | D:2      | Gained mutation: You are surrounded by a mild repulsion
                  | field. (EV +2) [demonic ancestry]
  1160 | D:2      | Reached XP level 4. HP: 27/35 MP: 4/4
  1442 | D:2      | Found a hide-covered altar of Uskayaw.
  1897 | D:2      | Reached XP level 5. HP: 42/42 MP: 5/5
  2294 | D:3      | Reached skill level 4 in Fighting
  2390 | D:3      | Reached *** piety under Trog
  2441 | D:3      | Reached skill level 3 in Dodging
  2656 | D:3      | Found a glowing silver altar of Zin.
  2670 | D:3      | Reached skill level 3 in Armour
  2681 | D:3      | Noticed Ijyb
  2713 | D:3      | Killed Ijyb
  2888 | D:3      | Noticed Grinder
  2899 | D:3      | Paralysed by Grinder for 6 turns
  2925 | D:3      | Killed Grinder
  2925 | D:3      | Reached skill level 4 in Axes
  2925 | D:3      | Reached XP level 6. HP: 48/49 MP: 6/6
  3023 | D:3      | Gained mutation: You are surrounded by a moderate repulsion
                  | field. (EV +3) [demonic ancestry]
  3023 | D:3      | Reached XP level 7. HP: 31/55 MP: 7/7
  3292 | D:3      | Found a hazy altar of Hepliaklqana.
  3542 | D:4      | Reached skill level 5 in Fighting
  3542 | D:4      | Reached skill level 4 in Dodging
  3594 | D:4      | Reached skill level 4 in Armour
  4015 | D:4      | Found a burning altar of Makhleb.
  4080 | D:4      | Found a glowing golden altar of the Shining One.
  4326 | D:5      | Entered Level 5 of the Dungeon
  4326 | D:5      | Found Isit Nubbo's Jewellery Boutique.
  4554 | D:5      | Reached **** piety under Trog
  4554 | D:5      | Reached XP level 8. HP: 39/63 MP: 8/8
  4909 | D:5      | Reached skill level 5 in Axes
  5481 | D:5      | Reached skill level 6 in Fighting
  5507 | D:5      | Reached skill level 5 in Dodging
  5877 | D:6      | Reached skill level 5 in Armour
  6640 | D:6      | Noticed Eustachio
  6656 | D:6      | Killed Eustachio
  6656 | D:6      | Reached skill level 6 in Axes
  6656 | D:6      | Reached XP level 9. HP: 71/71 MP: 9/9
  6758 | D:6      | Reached ***** piety under Trog
  6992 | D:6      | HP: 11/71 [gnoll/+3 halberd of pain (9)]
  7404 | D:6      | Found a shattered altar of Ashenzari.
  7480 | D:6      | Noticed Sigmund
  7501 | D:6      | Killed Sigmund
  7828 | D:7      | Found a staircase to the Ecumenical Temple.
  7866 | D:7      | Reached skill level 7 in Fighting
  7964 | D:7      | Reached skill level 6 in Dodging
  7983 | D:7      | Reached skill level 6 in Armour
  8242 | D:7      | Found a white marble altar of Elyvilon.
  8286 | D:7      | Found a shimmering altar of Xom.
  8333 | D:7      | Found a sparkling altar of Nemelex Xobeh.
  8522 | D:7      | Received a gift from Trog
  9254 | D:8      | HP: 13/72 [orc warrior/+0 long sword (15)]
  9676 | D:8      | Reached skill level 7 in Axes
  9723 | D:8      | Noticed a two-headed ogre
  9724 | D:8      | Noticed a two-headed ogre
  9739 | D:8      | Killed a two-headed ogre
  9739 | D:8      | Reached skill level 1 in Shields
  9739 | D:8      | Gained mutation: You regenerate health from kills. [demonic
                  | ancestry]
  9739 | D:8      | Reached XP level 10. HP: 80/80 MP: 10/10
  9744 | D:8      | Killed a two-headed ogre
  9744 | D:8      | Reached skill level 8 in Fighting
  9744 | D:8      | Reached skill level 2 in Shields
  9781 | D:8      | Reached skill level 7 in Armour
  9821 | D:8      | Reached skill level 7 in Dodging
 10430 | D:8      | Reached skill level 8 in Axes
 11057 | D:9      | Found a staircase to the Orcish Mines.
 11084 | D:9      | Received a gift from Trog
 11215 | D:9      | Reached skill level 3 in Shields
 11731 | D:9      | Found a staircase to the Lair.
 12010 | D:10     | Entered Level 10 of the Dungeon
 12160 | D:10     | Reached XP level 11. HP: 44/86 MP: 11/11
 12328 | D:10     | Noticed a rakshasa
 12347 | D:10     | HP: 12/86 [rakshasa/orb of energy (27)]
 12348 | D:10     | Killed a rakshasa
 12348 | D:10     | Reached skill level 9 in Axes
 13983 | D:11     | Received a gift from Trog
 13983 | D:11     | Reached skill level 9 in Fighting
 14019 | D:11     | Reached skill level 4 in Shields
 14116 | D:11     | Reached skill level 8 in Armour
 14244 | D:11     | Noticed an eight-headed hydra
 14363 | D:11     | Reached skill level 8 in Dodging
 14701 | D:12     | Noticed a two-headed ogre
 14713 | D:12     | Killed a two-headed ogre
 14733 | D:12     | Noticed a two-headed ogre
 14738 | D:12     | Killed a two-headed ogre
 14738 | D:12     | Reached skill level 10 in Axes
 14746 | D:12     | Noticed Maurice
 14805 | D:12     | HP: 32/132 [Maurice/wand of acid (2) (22)]
 14810 | D:12     | Killed Maurice
 14811 | D:12     | HP: 8/132 [cyclops/large rock (14)]
 14820 | D:12     | HP: 9/89 [yak (4)]
 15241 | D:12     | Reached skill level 5 in Shields
 15246 | D:12     | Gained mutation: You are immune to rotting. [demonic
                  | ancestry]
 15246 | D:12     | Reached XP level 12. HP: 96/96 MP: 12/12
 16235 | Lair:1   | Entered Level 1 of the Lair of Beasts
 16264 | Lair:1   | Noticed a four-headed hydra
 16277 | Lair:1   | Killed a four-headed hydra
 16974 | Lair:1   | Reached skill level 10 in Fighting
 17185 | Lair:2   | Noticed a six-headed hydra
 17201 | Lair:2   | Killed a six-headed hydra
 17208 | Lair:2   | Noticed a four-headed hydra
 17224 | Lair:2   | HP: 23/97 [four-headed hydra (8)]
 17225 | Lair:2   | HP: 8/97 [four-headed hydra (6)]
 17230 | Lair:2   | HP: 4/97 [four-headed hydra (5)]
 17232 | Lair:2   | Killed a four-headed hydra
 17232 | Lair:2   | Reached skill level 11 in Axes
 17232 | Lair:2   | Reached skill level 9 in Armour
 17797 | Lair:2   | Noticed Sonja
 17981 | Lair:2   | Killed Sonja
 17981 | Lair:2   | Reached skill level 9 in Dodging
 18004 | Lair:2   | HP: 24/97 [poisoned by Sonja]
 18010 | Lair:2   | HP: 24/97 [poisoned by Sonja]
 18018 | Lair:2   | HP: 24/97 [poisoned by Sonja]
 19434 | Lair:3   | Reached skill level 6 in Shields
 20512 | Lair:3   | Found a hole to the Spider Nest.
 20962 | Lair:4   | Noticed Nessos
 20974 | Lair:4   | Killed Nessos
 21008 | Lair:4   | Gained mutation: You have razor-sharp toenails. [demonic
                  | ancestry]
 21008 | Lair:4   | Reached XP level 13. HP: 104/104 MP: 13/13
 21266 | Lair:5   | Gained mutation: You have claws for feet. [potion of
                  | mutation]
 21266 | Lair:5   | Gained mutation: You evolve. [potion of mutation]
 21266 | Lair:5   | Gained mutation: You are frail. (-10% HP) [potion of
                  | mutation]
 21266 | Lair:5   | Gained mutation: You have a pair of small horns on your
                  | head. [potion of mutation]
 21315 | Lair:5   | Found a staircase to the Slime Pits.
 21315 | Lair:5   | Found a viscous altar of Jiyva.
 21899 | Lair:5   | Reached skill level 12 in Axes
 22272 | Lair:5   | Reached skill level 7 in Shields
 22284 | Lair:5   | Reached ****** piety under Trog
 22597 | Lair:6   | Entered Level 6 of the Lair of Beasts
 22726 | Lair:6   | Reached skill level 11 in Fighting
 22859 | Lair:6   | Lost mutation: You have claws for feet. [evolution]
 23038 | Lair:6   | HP: 20/95 [five-headed hydra (6)]
 23121 | Lair:6   | HP: 22/95 [hell rat (9)]
 23141 | Lair:6   | Reached skill level 10 in Armour
 23319 | Lair:6   | Reached skill level 10 in Dodging
 24232 | Lair:6   | Gained mutation: You have claws for feet. [demonic
                  | ancestry]
 24232 | Lair:6   | Reached XP level 14. HP: 53/101 MP: 14/14
 24577 | Lair:6   | HP: 18/101 [death yak (14)]
 25176 | Lair:6   | Got a crude pewter ring
 25179 | Lair:6   | Identified the ring of Xirisio {rPois rF++ rC+ Str-4 Int-2}
                  | (You found it on level 6 of the Lair of Beasts)
 26023 | D:5      | Bought a +4 ring of evasion for 432 gold pieces
 26163 | Orc:1    | Entered Level 1 of the Orcish Mines
 26169 | Orc:1    | Received a gift from Trog
 26260 | Orc:2    | Entered Level 2 of the Orcish Mines
 26516 | Orc:2    | Found a staircase to the Elven Halls.
 26683 | Orc:2    | Reached skill level 13 in Axes
 26738 | Orc:2    | Reached skill level 8 in Shields
 26788 | Orc:2    | Found Coenages's Distillery.
 26788 | Orc:2    | Found Fyjeus's Antique Armour Shoppe.
 26790 | Orc:2    | Found Sesiop's Food Emporium.
 26792 | Orc:2    | Found Teanargh's Antique Weapon Boutique.
 26802 | Orc:2    | Bought a crude hand axe for 216 gold pieces
 26804 | Orc:2    | Bought a potion of heal wounds for 80 gold pieces
 26804 | Orc:2    | Bought a potion of heal wounds for 80 gold pieces
 26804 | Orc:2    | Bought a potion of heal wounds for 80 gold pieces
 26809 | Orc:2    | Identified the cursed +2 hand axe "Rinut" {chop, +Blink
                  | rElec rF+ Dex-5} (You bought it in a shop on level 2 of the
                  | Orcish Mines)
 26810 | Orc:2    | meem: I am meem, an upgrade of beem built by MalcolmRose
                  | (check out Malcolm's DCSS vids and other projects at
                  | http://youtube.com/malcolmrosegaming). To have me follow
                  | you in your games, type !subscribemeem - to make me go away
                  | forever, type !quitmeem - For help, type: !meem
 26908 | Orc:2    | Noticed Urug
 26919 | Orc:2    | Killed Urug
 27176 | Orc:2    | Lost mutation: You are frail. (-10% HP) [evolution]
 27176 | Orc:2    | Lost mutation: You evolve. [end of evolution]
 27732 | D:13     | Received a gift from Trog
 27922 | D:13     | Found a gate to the Vaults.
 28940 | D:14     | Noticed Josephine
 28949 | D:14     | Killed Josephine
 29082 | D:14     | Reached skill level 12 in Fighting
 29493 | D:14     | HP: 37/172 [seven-headed hydra (9)]
 29498 | D:14     | HP: 35/172 [wraith (3)]
 29500 | D:14     | HP: 14/115 [wraith (8)]
 29514 | D:14     | Got a twitching pewter ring
 29834 | D:14     | Identified the ring of Peekumy {rCorr rF+} (You found it on
                  | level 14 of the Dungeon)
 30272 | D:14     | Found Tafeif's Antique Weapon Emporium.
 30286 | D:14     | Reached skill level 11 in Dodging
 30646 | Orc:2    | Bought a faintly humming plate armour for 1036 gold pieces
 30656 | Orc:2    | Identified the +10 plate armour of Sorcery {rF+ MR+ MP+9
                  | Str+4 Int+4} (You bought it in a shop on level 2 of the
                  | Orcish Mines)
 30849 | D:15     | Entered Level 15 of the Dungeon
 30933 | D:15     | Reached XP level 15. HP: 117/120 MP: 15/15
 30949 | D:15     | Reached skill level 11 in Armour
 31075 | D:15     | Found a sacrificial altar of Ru.
 31160 | D:15     | Reached skill level 14 in Axes
 31206 | D:15     | HP: 15/120 [ice dragon/blast of cold (39)]
 31491 | D:15     | Found a staircase to the Depths.
 31773 | D:15     | Reached skill level 9 in Shields
 31884 | D:15     | Received a gift from Trog
 32585 | Spider:1 | Entered Level 1 of the Spider Nest
 32881 | Lair:4   | Found a staircase to the Swamp.
 33078 | Swamp:1  | Entered Level 1 of the Swamp
 33780 | Swamp:1  | Noticed Jorgrun
 33807 | Swamp:1  | Killed Jorgrun
 34529 | Swamp:2  | Noticed a thorn hunter
 34543 | Swamp:2  | Killed a thorn hunter
 34587 | Swamp:2  | HP: 22/122 [six-headed hydra (11)]
 34604 | Swamp:2  | Noticed a thorn hunter
 34614 | Swamp:2  | HP: 28/122 [thorn hunter/volley of thorns (20)]
 34616 | Swamp:2  | Killed a thorn hunter
 34624 | Swamp:2  | Received a gift from Trog
 35123 | Swamp:3  | Noticed a thorn hunter
 35140 | Swamp:3  | Killed a thorn hunter
 35140 | Swamp:3  | Reached skill level 15 in Axes
 35140 | Swamp:3  | Gained mutation: You may emit foul miasma when damaged in
                  | melee. [demonic ancestry]
 35140 | Swamp:3  | Reached XP level 16. HP: 90/129 MP: 16/16
 35141 | Swamp:3  | Noticed a thorn hunter
 35148 | Swamp:3  | Killed a thorn hunter
 35746 | Swamp:4  | Entered Level 4 of the Swamp
 35915 | Swamp:4  | Reached skill level 10 in Shields
 35948 | Swamp:4  | Reached skill level 13 in Fighting
 35992 | Swamp:4  | Noticed a thorn hunter
 36001 | Swamp:4  | HP: 26/130 [seven-headed hydra (11)]
 36011 | Swamp:4  | Killed a thorn hunter
 36011 | Swamp:4  | Reached skill level 12 in Dodging
 36021 | Swamp:4  | Received a gift from Trog
 36084 | Swamp:4  | Reached skill level 12 in Armour
 36304 | Swamp:4  | Received a gift from Trog
 36308 | Swamp:4  | Got a jewelled hand axe {god gift}
 36343 | Swamp:4  | Identified the +2 hand axe of the Wolf {chop, MR+++} (Trog
                  | gifted it to you on level 4 of the Swamp)
 36544 | Swamp:4  | Identified the cursed +0 broad axe "Dasantul" {chop, Str+3}
 36550 | Swamp:4  | Noticed a thorn hunter
 36569 | Swamp:4  | Killed a thorn hunter
 36728 | Swamp:4  | Got a decaying rune of Zot
 37678 | Swamp:2  | Received a gift from Trog
 38248 | Spider:1 | Noticed Kirke
 38253 | Spider:1 | Reached skill level 16 in Axes
 38254 | Spider:1 | Gained mutation: You frequently emit foul miasma when
                  | damaged in melee. [demonic ancestry]
 38254 | Spider:1 | Reached XP level 17. HP: 137/137 MP: 17/17
 38264 | Spider:1 | Killed Kirke
 38456 | Spider:1 | Noticed Louise
 38475 | Spider:1 | Killed Louise
 39097 | Spider:2 | Received a gift from Trog
 39155 | Spider:2 | Reached skill level 11 in Shields
 39740 | Spider:3 | Noticed Agnes
 39796 | Spider:3 | Killed Agnes
 40716 | Spider:4 | Entered Level 4 of the Spider Nest
 41115 | Spider:4 | Noticed Arachne
 41128 | Spider:4 | Killed Arachne
 41128 | Spider:4 | Received a gift from Trog
 41128 | Spider:4 | Reached skill level 14 in Fighting
 41140 | Spider:4 | Got a warped war axe {god gift}
 41141 | Spider:4 | Identified the +6 war axe of Woe {flame, rC- MR+ Str+5}
                  | (Trog gifted it to you on level 4 of the Spider Nest)
 41225 | Spider:4 | Reached skill level 13 in Armour
 41254 | Spider:4 | Reached skill level 13 in Dodging
 41453 | Spider:4 | Got a gossamer rune of Zot
 41757 | Spider:4 | Gained mutation: You are robust. (+10% HP) [demonic
                  | ancestry]
 41757 | Spider:4 | Reached XP level 18. HP: 137/160 MP: 18/18
 41795 | Spider:4 | Reached skill level 17 in Axes
 42493 | Elf:1    | Entered Level 1 of the Elven Halls
 42510 | Elf:1    | Received a gift from Trog
 42724 | Depths:1 | Entered Level 1 of the Depths
 42724 | Depths:1 | Found the +8 Wrath of Trog {antimagic, *Rage}
 42960 | Depths:1 | Found Xopsyr Rerpho's Assorted Antiques.
 42965 | Depths:1 | Bought a coral ring for 175 gold pieces
 43322 | Depths:1 | Identified a scroll of acquirement
 43398 | Depths:1 | Found Kaiwuen's Assorted Antiques.
 43443 | Depths:1 | Found Manakh's Weapon Boutique.
 43911 | Depths:1 | Synox: Snorg hungers
 44068 | Depths:1 | Found a gateway to Hell.
 44165 | Depths:1 | Got an ancient hunting sling
 44166 | Depths:1 | Identified the +8 hunting sling of War {venom, Str+4 Int+4}
                  | (You found it on level 1 of the Depths)
 44170 | Depths:1 | Found Leurros's Food Shop.
 44175 | Depths:1 | Bought a ration for 50 gold pieces
 44175 | Depths:1 | Bought a ration for 50 gold pieces
 44175 | Depths:1 | Bought a ration for 50 gold pieces
 44239 | Depths:1 | Received a gift from Trog
 44274 | Depths:1 | Got an ancient iron ring
 44302 | Depths:1 | Identified the ring "Viowecw" {Str+2 Dex+3 Slay-3 SInv}
                  | (You found it on level 1 of the Depths)
 44406 | Depths:1 | Reached skill level 12 in Shields
 44741 | Depths:2 | Found a one-way gate leading to the halls of Pandemonium.
 45220 | Depths:2 | Found a gateway to a ziggurat.
 45272 | Depths:2 | Received a gift from Trog
 45793 | Depths:2 | Found a runed door.
 45807 | Depths:2 | Gained mutation: You are very robust. (+20% HP) [demonic
                  | ancestry]
 45807 | Depths:2 | Reached XP level 19. HP: 184/184 MP: 19/19
 45811 | Depths:2 | Found a runed door.
 45843 | Depths:2 | Got a brightly glowing mace
 45909 | Depths:2 | Reached skill level 15 in Fighting
 45975 | Depths:2 | Got a shimmering glass ring
 45979 | Depths:2 | Identified the ring of Yleif {rPois EV+1 Int+4} (You found
                  | it on level 2 of the Depths)
 45980 | Depths:2 | Identified the +5 mace "Bilao" {venom, rN+ Dex+4} (You
                  | found it on level 2 of the Depths)
 46059 | Depths:2 | Reached skill level 18 in Axes
 46062 | Depths:2 | Gained mutation: You are clumsy. (Dex -2) [a cacodemon]
 46064 | Depths:2 | Gained mutation: Your body sometimes deteriorates upon
                  | taking damage. [a cacodemon]
 46066 | Depths:2 | Gained mutation: You tend to lose your temper in combat. [a
                  | cacodemon]
 46073 | Depths:2 | Gained mutation: Scrolls take you a little longer to read.
                  | [a cacodemon]
 46088 | Depths:2 | Found a burning altar of Makhleb.
 46113 | Depths:2 | Got a sparkling zirconium amulet
 46123 | Depths:2 | Identified the amulet of Dithmenos's Regard {Spirit *Slow
                  | +Fly rPois Str+4} (You found it on level 2 of the Depths)
 46148 | Depths:2 | Paralysed by a floating eye for 2 turns
 46409 | Depths:3 | Received a gift from Trog
 46506 | Depths:3 | Reached skill level 14 in Armour
 46509 | Depths:3 | Reached skill level 14 in Dodging
 46902 | Depths:3 | Noticed Boris
 46925 | Depths:3 | Killed Boris
 47003 | Depths:3 | Found a runed door.
 47005 | Depths:3 | Noticed a golden dragon
 47042 | Depths:3 | Noticed a caustic shrike
 47054 | Depths:3 | Noticed a golden dragon
 47068 | Depths:3 | Noticed a Tzitzimitl
 47135 | Depths:3 | Killed a golden dragon
 47135 | Depths:3 | Received a gift from Trog
 47467 | Depths:3 | HP: 53/279 [ice dragon/blast of cold[a boggart] (51)]
 47790 | Depths:3 | Reached skill level 13 in Shields
 47997 | Depths:3 | Lost mutation: Scrolls take you a little longer to read.
                  | [potion of mutation]
 47997 | Depths:3 | Lost mutation: You are clumsy. (Dex -2) [potion of
                  | mutation]
 47997 | Depths:3 | Lost mutation: You have a pair of small horns on your head.
                  | [potion of mutation]
 47997 | Depths:3 | Gained mutation: You expend magic power (3 MP) to
                  | strengthen your wands. [potion of mutation]
 48000 | Depths:3 | Got a heavily runed helmet
 48006 | Depths:3 | Identified the +2 helmet "Jevuqel" {+Inv rElec MR- Regen+}
                  | (You found it on level 3 of the Depths)
 48215 | Depths:3 | Killed a caustic shrike
 48547 | Depths:4 | Reached XP level 20. HP: 195/195 MP: 20/20
 48598 | Depths:4 | Gained mutation: You are clumsy. (Dex -2) [a shining eye]
 48600 | Depths:4 | Gained mutation: Armour fits poorly on your strangely
                  | shaped body. [a shining eye]
 48628 | Depths:4 | Found a one-way gate to the infinite horrors of the Abyss.
 49029 | Depths:4 | Reached skill level 19 in Axes
 49050 | Depths:4 | Noticed a golden dragon
 49051 | Depths:4 | Noticed a golden dragon
 49079 | Depths:4 | Killed a golden dragon
 49079 | Depths:4 | Killed a golden dragon
 49301 | Depths:4 | Got a glittering lead amulet
 49303 | Depths:4 | Noticed a golden dragon
 49313 | Depths:4 | Killed a golden dragon
 49365 | Depths:4 | Reached skill level 16 in Fighting
 50133 | Depths:5 | Entered Level 5 of the Depths
 50171 | Depths:5 | Received a gift from Trog
 50249 | Depths:5 | Noticed Frederick
 50268 | Depths:5 | Killed Frederick
 50382 | Depths:5 | Noticed Jory
 50842 | Depths:5 | Noticed a golden dragon
 50857 | Depths:5 | Killed a golden dragon
 50857 | Depths:5 | Reached skill level 15 in Armour
 50857 | Depths:5 | Reached skill level 15 in Dodging
 50857 | Depths:5 | Reached XP level 21. HP: 172/205 MP: 21/21
 51033 | Depths:5 | Found a gate to the Realm of Zot.
 51388 | Depths:5 | Received a gift from Trog
 51536 | Depths:5 | Killed Jory
 51660 | Depths:5 | Reached skill level 14 in Shields
 51901 | Depths:5 | Identified the amulet of War Ledd {Inacc Dex+6} (You found
                  | it on level 4 of the Depths)
 52665 | Elf:1    | Reached skill level 20 in Axes
 52727 | Elf:1    | Noticed Donald
 52740 | Elf:1    | Killed Donald
 52819 | Elf:1    | Received a gift from Trog
 53664 | Elf:2    | Found a runed gate.
 53664 | Elf:2    | Found a runed gate.
 53664 | Elf:2    | Found a runed gate.
 53703 | Elf:2    | Noticed Asterion
 53723 | Elf:2    | Killed Asterion
 53723 | Elf:2    | Received a gift from Trog
 54416 | Elf:3    | Entered Level 3 of the Elven Halls
 54705 | Elf:3    | Found a deep blue altar of Sif Muna.
 54759 | Elf:3    | Identified Roxanne's Catalogue of Clay
 54759 | Elf:3    | Noticed Roxanne
 54831 | Elf:3    | Killed Roxanne
 54985 | Elf:3    | Received a gift from Trog
 55024 | Elf:3    | Gained mutation: You are surrounded by a strong repulsion
                  | field. (EV +4, RMsl) [demonic ancestry]
 55024 | Elf:3    | Reached XP level 22. HP: 186/216 MP: 22/22
 55029 | Elf:3    | Reached skill level 17 in Fighting
 55816 | Elf:3    | Got a steaming shortbow
 55825 | Elf:3    | Identified Toruov's Disquisition on Fire and Execration
 55919 | Elf:3    | Got a brightly glowing hand axe
 55935 | Elf:3    | Got an ichor-stained plate armour
 55969 | Elf:3    | Identified the cursed +0 plate armour of the Trombone {+Fly
                  | Str+3 Int-5 Dex+8} (You found it on level 3 of the Elven
                  | Halls)
 55971 | Elf:3    | Identified the cursed +2 hand axe of a treasure trove
                  | {vamp, +Blink rF+++} (You found it on level 3 of the Elven
                  | Halls)
 55973 | Elf:3    | Identified the cursed +1 shortbow of Abuse {freeze, +Blink
                  | MR+ Stlth+} (You found it on level 3 of the Elven Halls)
 56326 | Vaults:1 | Entered Level 1 of the Vaults
 56382 | Vaults:1 | Found Orin's Antique Weapon Shop.
 56394 | Vaults:1 | Bought an iridescent long sword for 178 gold pieces
 56394 | Vaults:1 | Identified the +9 long sword of World Downfall {slice, rF+
                  | SInv} (You bought it in a shop on level 1 of the Vaults)
 56810 | Vaults:1 | Received a gift from Trog
 57061 | Vaults:1 | Upgraded the game from 0.23-a0-449-g8e4cbf7 to
                  | 0.23-a0-451-g1044d4c
 58571 | Vaults:2 | Found a staircase to the Crypt.
 58571 | Vaults:2 | Found an ancient bone altar of Kikubaaqudgha.
 58572 | Vaults:2 | Found a basalt altar of Yredelemnul.
 58682 | Vaults:2 | Received a gift from Trog
 58760 | Vaults:2 | Reached skill level 16 in Armour
 58950 | Vaults:2 | Reached skill level 16 in Dodging
 59278 | Vaults:3 | Reached skill level 21 in Axes
 59685 | Vaults:3 | Reached skill level 15 in Shields
 59832 | Vaults:3 | Received a gift from Trog
 60315 | Vaults:3 | Reached XP level 23. HP: 225/225 MP: 23/23
 61034 | Vaults:3 | Got a crude triple crossbow
 61037 | Vaults:3 | Identified the +2 triple crossbow "Uluceasch" {velocity,
                  | rF+ rC- Str+3 Dex+3} (You found it on level 3 of the
                  | Vaults)
 61128 | Vaults:4 | Received a gift from Trog
 61461 | Vaults:4 | Received a gift from Trog
 62265 | Vaults:4 | Received a gift from Trog
 62583 | Vaults:5 | Entered Level 5 of the Vaults
 62594 | Vaults:5 | Reached skill level 18 in Fighting
 62626 | Vaults:5 | Received a gift from Trog
 62711 | Vaults:5 | Identified the cursed +0 crystal plate armour of the
                  | Desolation of Salt {rPois rF++ Str+4 Stlth+}
 62721 | Vaults:5 | Reached skill level 22 in Axes
 62731 | Vaults:5 | Gained mutation: You are extremely robust. (+30% HP)
                  | [demonic ancestry]
 62731 | Vaults:5 | Reached XP level 24. HP: 257/257 MP: 23/23
 62732 | Vaults:5 | Noticed an ancient lich
 62736 | Vaults:5 | Noticed an ancient lich
 62762 | Vaults:4 | Killed an ancient lich
 62797 | Vaults:5 | Received a gift from Trog
 62821 | Vaults:5 | Reached skill level 17 in Dodging
 62823 | Vaults:5 | HP: 80/387 [???[an ancient lich] (78)]
 62826 | Vaults:5 | Reached skill level 17 in Armour
 62831 | Vaults:5 | Reached skill level 16 in Shields
 62831 | Vaults:5 | HP: 59/387 [vault warden/+0 dire flail (17)]
 62834 | Vaults:5 | HP: 23/387 [large abomination[a deep elf high priest] (14)]
 62841 | Vaults:4 | HP: 36/387 [large abomination[a deep elf high priest] (5)]
 62842 | Vaults:4 | Killed an ancient lich
 63298 | Vaults:5 | Received a gift from Trog
 63751 | Vaults:5 | Identified the +10 great mace of Disgust {drain, rC+
                  | Stlth+}
 63794 | Vaults:5 | Identified the +5 short sword "Demonslayer" {speed, Dex+5}
 63978 | Vaults:5 | Identified Sif Muna's Catalogue of Doomed Snow
 64536 | Vaults:5 | Got a silver rune of Zot
 65146 | Temple   | Entered the Ecumenical Temple
 65343 | Slime:1  | Entered Level 1 of the Pits of Slime
 65848 | Slime:3  | Received a gift from Trog
 65848 | Slime:3  | Reached XP level 25. HP: 243/267 MP: 23/23
 66206 | Slime:3  | Reached skill level 19 in Fighting
 66546 | Slime:5  | Entered Level 5 of the Pits of Slime
 66904 | Slime:5  | Reached skill level 23 in Axes
 66913 | Slime:5  | Noticed the Royal Jelly
 66934 | Slime:5  | HP: 76/403 [azure jelly[the Royal Jelly] (26)]
 66936 | Slime:5  | Killed the Royal Jelly
 66938 | Slime:5  | HP: 23/403 [acid blob[the Royal Jelly] (32)]
 66938 | Slime:5  | HP: 9/403 [acid[the Royal Jelly] (3)]
 66939 | Slime:5  | HP: 4/403 [acid[the Royal Jelly] (2)]
 66940 | Slime:5  | Splashed by an acid blob's acid

Vault maps used:
D:1:      erik_arrival_gehennom, dk_noncrumbling_2
D:2:      eat_drink_and_be_merry_uskayaw
D:3:      marbit_many_paths, overflow_temple_1_default, portal_sewer_entry_e,
          minivault_19, uniq_grinder, uniq_ijyb
D:4:      makhleb_grotto_becter, overflow_temple_1_default
D:5:      serial_shops, shop, first_ration, dk_rats_in_the_wall
D:6:      ashenzari_conservatory_becter, uniq_sigmund, uniq_eustachio
D:7:      nemelex_xobeh_ov_fountains_minmay, nicolae_overflow_hidden_temple,
          kennysheep_mini, minmay_temple_entry_statues_pillars
D:8:      corexii_shack_village, hangedman_little_slice_of_home
D:9:      lair_entry_dummy, david_orc_1_choice
D:10:     minmay_imperfect_grid, serial_co_window_serial, co_window_cross_1,
          co_window_corner_a, co_window_of_opportunity_a,
          co_window_of_opportunity_a, co_window_paths_a, co_window_broadway_b,
          co_window_of_opportunity_c, co_window_corner_b, co_window_corner_ca,
          co_window_paths_c, glass_columns_a, glass_columns_b, glass_columns_a
D:11:     minmay_misc_feat_roman
D:12:     special_room, uniq_maurice
D:13:     david_vaults_2
D:14:     serial_shops, shop, kennysheep_donut, uniq_josephine
D:15:     grunt_enter_depths_hoard, dk_noncrumbling_3, nicolae_ru_path_of_blood
Temple:   dshaligram_water_room_temple
Lair:2:   nicolae_quartered_pool_super, st_stairs_10, eino_house_with_fridge,
          lemuel_fruit_fields, lemuel_fruit_fields, serial_bayou_shore_b,
          uniq_sonja
Lair:3:   dummy_spider_entry
Lair:4:   swamp_mist_pool, minivault_24, infiniplex_staircase_pool_2,
          uniq_nessos
Lair:5:   slime_altar_1
Lair:6:   evilmike_catoblepas_cave, chequers_serial_rivers_micro_b
Swamp:1:  evilmike_swamp_ruin_house_3, uniq_jorgrun
Swamp:2:  hangedman_swamp_lotus, swamp_pool4
Swamp:3:  serial_swamp_ruin, evilmike_swamp_ruin_rubble_1,
          evilmike_swamp_ruin_house_2, evilmike_swamp_ruin_house_5,
          infiniplex_staircase_pool
Swamp:4:  swamp, portal_ice_cave_entry_pillars_2
Spider:1: uniq_louise, uniq_kirke
Spider:3: uniq_agnes
Spider:4: guppyfry_spider_rune, guppyfry_spider_mini_3, uniq_arachne
Slime:4:  cheibrodos_slime_lost_civilization_4
Orc:1:    biasface_ghost_orc_armoury
Orc:2:    st_orc_rangers, nicolae_orc_rockfall, sword_in_stone
Elf:1:    elf_arrival_001, hangedman_corner_corridor, uniq_donald
Elf:2:    uniq_asterion
Elf:3:    minmay_elf_hall_dome, basic_altar, minivault_25_ag, uniq_roxanne
Vaults:1: v_pattern_5, nicolae_vaults_network_star, ontoclasm_vaults_spin,
          vaults_dpeg_ring, dpeg_vaults_monster_row, serial_shops, shop
Vaults:2: minmay_crypt_entry_necro_gods, vaults_dpeg_encased_lava,
          vaults_standard_mumra_x, nicolae_vaults_angled_halls,
          ontoclasm_vaults_fault, nicolae_vaults_border_crossing
Vaults:3: nicolae_vaults_sealed_display, nicolae_vaults_arrows,
          vaults_room_pool, nicolae_vaults_diagonal_hallway_6,
          nicolae_vaults_shelves_hall, ontoclasm_vaults_gallery,
          v_alt_pattern_2, grunt_vaults_bifocal,
          nicolae_vaults_yaktaur_gun_rack, hangedman_vaults_stretched_pinwheel,
          v_misc_27, ontoclasm_vaults_twist, vaults_room_pools
Vaults:4: vaults_room_octagon, nicolae_vaults_circle_grid_b,
          grunt_vaults_funneled_arena, nicolae_vaults_diagonal_hallway_7,
          vaults_room_large_hall, vaults_mumra_minichess,
          hangedman_vaults_cutoff, v_misc_8, ontoclasm_vaults_gateway,
          vaults_room_grunt_arrival_checkpoint, v_misc_15,
          hangedman_vaults_capsules, nicolae_vaults_little_squares_6
Depths:1: grunt_hell_entry_dis_grunt, hangedman_abyss_or_decor_clamps,
          serial_shops, shop, shop, shop, nicolae_shop_crystal, minivault_10,
          minmay_guarded_unrand_wrath_of_trog
Depths:2: evilmike_makhleb_hellhole, enter_ziggurat_d, pan_entry,
          grunt_mini_vestibule, chequers_decorated_corner
Depths:3: minmay_gate_of_8, hangedman_coc_ice_floe, rand_demon_pan_entry_3,
          minmay_misc_feat_rows, minmay_checkered_concentric_circles, uniq_boris
Depths:4: minmay_the_grid_octo_2x2, abyss_entry_small_statue_room, hell_entry,
          serial_sigils_hangedman_clutch, infiniplex_staircase_door_maze
Depths:5: evilmike_zot_entry_gauntlet, kennysheep_doodads, abyss_entry,
          grunt_pan_entry_spiral, hangedman_geh_valley, uniq_jory,
          uniq_frederick

Skill      XL: |  1  2  3  4  5  6  7  8  9 10 11 12 13 14 15 16 17 18 19 20 21 22 23 24 25 |
---------------+----------------------------------------------------------------------------+-----
Armour         | 2 3 4 5 6 7 8 9 10 11 12 13 14 15 16 17 | 17.6
Dodging        | 2 3 4 5 6 7 8 9 10 11 12 13 14 15 16 17 | 17.6
Axes           | 3 4 6 7 8 10 11 12 13 15 16 17 18 19 20 21 22 23 | 23.0
Fighting       | 4 5 6 7 8 9 10 11 12 13 14 15 16 17 18 19 | 19.1
Shields        | 1 3 5 6 7 8 9 10 11 12 13 14 15 16 | 16.6

Action                   |  1- 3 |  4- 6 |  7- 9 | 10-12 | 13-15 | 16-18 | 19-21 | 22-24 | 25-27 || total
-------------------------+-------+-------+-------+-------+-------+-------+-------+-------+-------++-------
Melee: Hand axe          |   103 |   156 |   371 |       |       |       |       |       |       ||   630
       Kick              |    10 |    33 |   152 |       |   370 |   510 |   609 |   605 |    67 ||  2356
       War axe           |       |       |   252 |   185 |       |   562 |  1320 |  1401 |   115 ||  3835
       Broad axe         |       |       |       |   613 |   924 |   682 |       |       |       ||  2219
       Quarterstaff      |       |       |       |    26 |    68 |       |       |       |       ||    94
       Headbutt          |       |       |       |       |   238 |   316 |   115 |       |       ||   669
Invok: Berserk           |     1 |     3 |     8 |    14 |    19 |    12 |    13 |     6 |     1 ||    77
       Trog's Hand       |       |       |       |       |       |     3 |     6 |    12 |     1 ||    22
       Brothers in Arms  |       |       |       |       |       |       |       |     4 |     1 ||     5
  Use: Scroll            |       |       |     9 |    23 |    14 |     9 |     4 |     9 |       ||    68
       Potion            |       |       |       |    13 |     6 |     1 |     3 |       |     2 ||    25
 Stab: Sleeping          |     1 |       |       |       |       |       |       |       |       ||     1
       Distracted        |       |       |       |     1 |       |       |     2 |       |       ||     3
       Held in net/web   |       |       |       |       |       |     2 |       |       |       ||     2
  Eat: Chunk             |     2 |     8 |    16 |    15 |    16 |     9 |    15 |     6 |       ||    87
       Ration            |       |       |     4 |    11 |    14 |    11 |    10 |    12 |     1 ||    63
Armor: Animal skin       |    11 |       |       |       |       |       |       |       |       ||    11
       Ring mail         |    27 |    67 |   155 |       |       |       |       |       |       ||   249
       Plate armour      |       |       |    24 |   396 |   349 |   546 |   333 |   233 |       ||  1881
       Crystal plate arm |       |       |       |       |       |       |       |    50 |    67 ||   117
Dodge: Dodged            |    60 |    82 |   366 |   473 |   788 |   988 |   565 |   602 |    73 ||  3997
       Deflected         |       |       |       |       |    26 |    23 |    35 |    39 |     3 ||   126
Block: Shield            |    21 |    67 |   273 |   654 |  1093 |  1367 |       |       |       ||  3475
       Other             |       |       |       |    22 |    35 |       |       |       |       ||    57
       Reflection        |       |       |       |    12 |   121 |    52 |   122 |   199 |     7 ||   513
       Large shield      |       |       |       |       |       |   271 |  1582 |  1717 |   162 ||  3732

Table legend:
 A = Non-vault XP
 B = Vault XP
 C = Vault XP percentage of total XP
 D = Non-vault monster count
 E = Vault monster count
 F = Vault count percentage of total count
                 A         B        C        D         E       F
            +---------+---------+-------+---------+---------+-------
      Total |  673443 |  519737 |  43.6 |    1534 |     665 |  30.2
            +---------+---------+-------+---------+---------+-------
        D:1 |      49 |      19 |  27.9 |      25 |       5 |  16.7
        D:2 |     160 |       0 |   0.0 |      32 |       0 |   0.0
        D:3 |     195 |     364 |  65.1 |      19 |      11 |  36.7
        D:4 |     416 |      50 |  10.7 |      18 |       1 |   5.3
        D:5 |     577 |     117 |  16.9 |      21 |      21 |  50.0
        D:6 |     930 |     405 |  30.3 |      34 |       2 |   5.6
        D:7 |     931 |       0 |   0.0 |      22 |       0 |   0.0
        D:8 |    3354 |     183 |   5.2 |      26 |      16 |  38.1
        D:9 |    1457 |     619 |  29.8 |      31 |       9 |  22.5
       D:10 |     442 |    3121 |  87.6 |       6 |      28 |  82.4
       D:11 |    4196 |       0 |   0.0 |      24 |       0 |   0.0
       D:12 |    6425 |    1190 |  15.6 |      31 |      21 |  40.4
       D:13 |   14472 |    1768 |  10.9 |      54 |       3 |   5.3
       D:14 |    5366 |    2107 |  28.2 |      22 |       6 |  21.4
       D:15 |    7346 |    4466 |  37.8 |      23 |       5 |  17.9
     Lair:1 |    2708 |       0 |   0.0 |       9 |       0 |   0.0
     Lair:2 |    2234 |    1668 |  42.7 |       4 |      13 |  76.5
     Lair:3 |    3368 |       0 |   0.0 |      16 |       0 |   0.0
     Lair:4 |    4784 |     877 |  15.5 |      20 |       1 |   4.8
     Lair:5 |   12972 |       0 |   0.0 |      46 |       0 |   0.0
     Lair:6 |    5077 |   12266 |  70.7 |      27 |      23 |  46.0
    Swamp:1 |    7182 |    3205 |  30.9 |      21 |       1 |   4.5
    Swamp:2 |   26056 |       0 |   0.0 |      64 |       0 |   0.0
    Swamp:3 |   22071 |       0 |   0.0 |      37 |       0 |   0.0
    Swamp:4 |   18643 |   18276 |  49.5 |      39 |      27 |  40.9
   Spider:1 |   12415 |    4840 |  28.0 |      43 |       7 |  14.0
   Spider:2 |   13564 |       0 |   0.0 |      41 |       0 |   0.0
   Spider:3 |    9309 |    2206 |  19.2 |      25 |       1 |   3.8
   Spider:4 |   10041 |   31087 |  75.6 |      26 |      45 |  63.4
    Slime:1 |    7395 |       0 |   0.0 |      11 |       0 |   0.0
    Slime:2 |    1572 |       0 |   0.0 |       6 |       0 |   0.0
    Slime:3 |   27694 |       0 |   0.0 |      33 |       0 |   0.0
    Slime:4 |    3774 |       0 |   0.0 |      15 |       0 |   0.0
    Slime:5 |    6929 |   20070 |  74.3 |      14 |       3 |  17.6
      Orc:1 |     116 |       0 |   0.0 |       1 |       0 |   0.0
      Orc:2 |    1863 |    6877 |  78.7 |      15 |      43 |  74.1
      Elf:1 |   16602 |    7686 |  31.6 |      27 |      12 |  30.8
      Elf:2 |   11690 |   25100 |  68.2 |      23 |      30 |  56.6
      Elf:3 |    8868 |   34171 |  79.4 |      15 |      25 |  62.5
   Vaults:1 |   11169 |   19355 |  63.4 |      27 |      31 |  53.4
   Vaults:2 |   26271 |    8905 |  25.3 |      57 |      11 |  16.2
   Vaults:3 |   36184 |   24902 |  40.8 |      52 |      40 |  43.5
   Vaults:4 |   50391 |   45589 |  47.5 |      69 |      39 |  36.1
   Vaults:5 |   63149 |  110651 |  63.7 |      94 |      83 |  46.9
   Depths:1 |   41182 |    2946 |   6.7 |      64 |       4 |   5.9
   Depths:2 |   24942 |   29028 |  53.8 |      36 |      40 |  52.6
   Depths:3 |   50680 |   28940 |  36.3 |      72 |      16 |  18.2
   Depths:4 |   30338 |   32756 |  51.9 |      36 |      18 |  33.3
   Depths:5 |   55894 |   33927 |  37.8 |      61 |      24 |  28.2
            +---------+---------+-------+---------+---------+-------

Vault maps used:
D:1:      erik_arrival_gehennom, dk_noncrumbling_2
D:2:      eat_drink_and_be_merry_uskayaw
D:3:      marbit_many_paths, overflow_temple_1_default, portal_sewer_entry_e,
          minivault_19, uniq_grinder, uniq_ijyb
D:4:      makhleb_grotto_becter, overflow_temple_1_default
D:5:      serial_shops, shop, first_ration, dk_rats_in_the_wall
D:6:      ashenzari_conservatory_becter, uniq_sigmund, uniq_eustachio
D:7:      nemelex_xobeh_ov_fountains_minmay, nicolae_overflow_hidden_temple,
          kennysheep_mini, minmay_temple_entry_statues_pillars
D:8:      corexii_shack_village, hangedman_little_slice_of_home
D:9:      lair_entry_dummy, david_orc_1_choice
D:10:     minmay_imperfect_grid, serial_co_window_serial, co_window_cross_1,
          co_window_corner_a, co_window_of_opportunity_a,
          co_window_of_opportunity_a, co_window_paths_a, co_window_broadway_b,
          co_window_of_opportunity_c, co_window_corner_b, co_window_corner_ca,
          co_window_paths_c, glass_columns_a, glass_columns_b, glass_columns_a
D:11:     minmay_misc_feat_roman
D:12:     special_room, uniq_maurice
D:13:     david_vaults_2
D:14:     serial_shops, shop, kennysheep_donut, uniq_josephine
D:15:     grunt_enter_depths_hoard, dk_noncrumbling_3, nicolae_ru_path_of_blood
Temple:   dshaligram_water_room_temple
Lair:2:   nicolae_quartered_pool_super, st_stairs_10, eino_house_with_fridge,
          lemuel_fruit_fields, lemuel_fruit_fields, serial_bayou_shore_b,
          uniq_sonja
Lair:3:   dummy_spider_entry
Lair:4:   swamp_mist_pool, minivault_24, infiniplex_staircase_pool_2,
          uniq_nessos
Lair:5:   slime_altar_1
Lair:6:   evilmike_catoblepas_cave, chequers_serial_rivers_micro_b
Swamp:1:  evilmike_swamp_ruin_house_3, uniq_jorgrun
Swamp:2:  hangedman_swamp_lotus, swamp_pool4
Swamp:3:  serial_swamp_ruin, evilmike_swamp_ruin_rubble_1,
          evilmike_swamp_ruin_house_2, evilmike_swamp_ruin_house_5,
          infiniplex_staircase_pool
Swamp:4:  swamp, portal_ice_cave_entry_pillars_2
Spider:1: uniq_louise, uniq_kirke
Spider:3: uniq_agnes
Spider:4: guppyfry_spider_rune, guppyfry_spider_mini_3, uniq_arachne
Slime:4:  cheibrodos_slime_lost_civilization_4
Orc:1:    biasface_ghost_orc_armoury
Orc:2:    st_orc_rangers, nicolae_orc_rockfall, sword_in_stone
Elf:1:    elf_arrival_001, hangedman_corner_corridor, uniq_donald
Elf:2:    uniq_asterion
Elf:3:    minmay_elf_hall_dome, basic_altar, minivault_25_ag, uniq_roxanne
Vaults:1: v_pattern_5, nicolae_vaults_network_star, ontoclasm_vaults_spin,
          vaults_dpeg_ring, dpeg_vaults_monster_row, serial_shops, shop
Vaults:2: minmay_crypt_entry_necro_gods, vaults_dpeg_encased_lava,
          vaults_standard_mumra_x, nicolae_vaults_angled_halls,
          ontoclasm_vaults_fault, nicolae_vaults_border_crossing
Vaults:3: nicolae_vaults_sealed_display, nicolae_vaults_arrows,
          vaults_room_pool, nicolae_vaults_diagonal_hallway_6,
          nicolae_vaults_shelves_hall, ontoclasm_vaults_gallery,
          v_alt_pattern_2, grunt_vaults_bifocal,
          nicolae_vaults_yaktaur_gun_rack, hangedman_vaults_stretched_pinwheel,
          v_misc_27, ontoclasm_vaults_twist, vaults_room_pools
Vaults:4: vaults_room_octagon, nicolae_vaults_circle_grid_b,
          grunt_vaults_funneled_arena, nicolae_vaults_diagonal_hallway_7,
          vaults_room_large_hall, vaults_mumra_minichess,
          hangedman_vaults_cutoff, v_misc_8, ontoclasm_vaults_gateway,
          vaults_room_grunt_arrival_checkpoint, v_misc_15,
          hangedman_vaults_capsules, nicolae_vaults_little_squares_6
Depths:1: grunt_hell_entry_dis_grunt, hangedman_abyss_or_decor_clamps,
          serial_shops, shop, shop, shop, nicolae_shop_crystal, minivault_10,
          minmay_guarded_unrand_wrath_of_trog
Depths:2: evilmike_makhleb_hellhole, enter_ziggurat_d, pan_entry,
          grunt_mini_vestibule, chequers_decorated_corner
Depths:3: minmay_gate_of_8, hangedman_coc_ice_floe, rand_demon_pan_entry_3,
          minmay_misc_feat_rows, minmay_checkered_concentric_circles, uniq_boris
Depths:4: minmay_the_grid_octo_2x2, abyss_entry_small_statue_room, hell_entry,
          serial_sigils_hangedman_clutch, infiniplex_staircase_door_maze
Depths:5: evilmike_zot_entry_gauntlet, kennysheep_doodads, abyss_entry,
          grunt_pan_entry_spiral, hangedman_geh_valley, uniq_jory,
          uniq_frederick

Table legend:
 A = Turns spent in this place as a percentage of turns spent in the entire game.
 B = Non-inter-level travel turns spent in this place as a percentage of non-inter-level travel turns spent in the entire game.
 C = Inter-level travel turns spent in this place as a percentage of turns spent in this place.
 D = Turns resting spent in this place as a percentage of non-inter-level travel turns spent in this place.
 E = Turns spent auto-exploring this place as a percentage of non-inter-level travel turns spent in this place.
 F = Non-inter-level travel turns spent in this place divided by the number of levels of this place that you've seen.
                   A       B       C       D       E      F
               +-------+-------+-------+-------+-------+----------------------
         Total | 100.0 | 100.0 |   4.4 |  29.1 |  32.7 | 1279.9
       Dungeon |  33.0 |  32.0 |   7.2 |  35.2 |  32.1 | 1367.0
        Temple |   0.0 |   0.0 |  16.7 |   0.0 |   0.0 |   5.0
          Lair |  15.8 |  15.6 |   5.2 |  42.4 |  32.5 | 1667.2
         Swamp |   7.5 |   7.7 |   2.0 |  23.1 |  33.7 | 1229.2
   Spider Nest |   6.2 |   6.4 |   1.8 |  23.4 |  28.8 | 1023.2
    Slime Pits |   2.4 |   2.5 |   0.0 |  28.6 |  37.8 | 319.4
  Orcish Mines |   2.3 |   1.9 |  21.4 |   0.0 |  43.8 | 614.5
   Elven Halls |   6.0 |   6.2 |   1.7 |  16.9 |  33.6 | 1318.7
        Vaults |  13.0 |  13.3 |   1.9 |  12.9 |  40.5 | 1703.8
        Depths |  13.8 |  14.3 |   0.6 |  31.0 |  25.1 | 1834.2
               +-------+-------+-------+-------+-------+----------------------

Table legend:
 A = Kills in this place as a percentage of kills in entire the game.
 B = Kills by you in this place as a percentage of kills by you in the entire game.
 C = Kills by friends in this place as a percentage of kills by friends in the entire game.
 D = Other kills in this place as a percentage of other kills in the entire game.
 E = Experience gained in this place as a percentage of experience gained in the entire game.
 F = Experience gained in this place divided by the number of levels of this place that you have seen.
                   A       B       C       D       E      F
               +-------+-------+-------+-------+-------+----------------------
         Total | 100.0 | 100.0 | 100.0 | 100.0 | 100.0 | 23863.6
       Dungeon |  23.5 |  24.2 |   0.0 |   6.2 |   5.1 | 4048.3
          Lair |   7.2 |   7.5 |   0.0 |   1.5 |   3.9 | 7659.0
         Swamp |   8.6 |   8.8 |   0.0 |   3.1 |   8.0 | 23858.2
   Spider Nest |   8.5 |   8.8 |   0.0 |   1.5 |   7.0 | 20865.5
    Slime Pits |   3.7 |   3.9 |   0.0 |   0.0 |   5.7 | 13486.8
  Orcish Mines |   2.7 |   2.1 |   0.0 |  21.5 |   0.7 | 4428.0
   Elven Halls |   6.0 |   5.9 |  35.3 |   3.1 |   8.7 | 34705.7
        Vaults |  22.9 |  21.9 |  64.7 |  43.1 |  33.2 | 79313.2
        Depths |  16.9 |  16.9 |   0.0 |  20.0 |  27.7 | 66126.6
               +-------+-------+-------+-------+-------+----------------------
